 Dungeon Crawl Stone Soup version 0.27-a0-13-g87abb2d9eb (webtiles) character file.

Game seed: 8736492331493498488

234 pkoi the Ruffian (level 5, -2/38 (45) HPs)
             Began as a Draconian Monk on Jan 2, 2021.
             Slain by a wight
             ... wielding a cursed +3 short sword of freezing
              (5 damage)
             ... on level 3 of the Dungeon.
             The game lasted 00:03:45 (2992 turns).

pkoi the Ruffian (Draconian Monk)                   Turns: 2992, Time: 00:03:45

HP:   -2/38 (45)    AC:  5    Str: 14    XL:     5   Next: 75%
MP:   5/5           EV: 13    Int: 11    God:
Gold: 140           SH:  0    Dex: 13    Spells: 4/4 levels left

rFire    . . .     SeeInvis .     - Unarmed
rCold    . . .     Faith    .   (no shield)
rNeg     . . .     Spirit   .   (armour unavailable)
rPois    .         Reflect  .   (helmet restricted)
rElec    .         Harm     .   (no cloak)
rCorr    .         Rampage  .   (no gloves)
Will     .....                  (no boots)
Stlth    ++........             (no amulet)
HPRegen  0.12/turn              (no ring)
MPRegen  0.09/turn              (no ring)

@: attractive, flying, heavily drained
A: unfitting armour, cold-blooded, AC +5
a: no special abilities


You were on level 3 of the Dungeon.
You visited 1 branch of the dungeon, and saw 3 of its levels.

You collected 140 gold pieces.

Inventory:

Jewellery
 g - an uncursed ring of fire
 k - a cursed ring of attention {unknown}
Scrolls
 a - a scroll of teleportation {unknown}
 d - a scroll of enchant armour {unknown}
 e - 2 scrolls of identify {unknown}
 f - 2 scrolls of amnesia {unknown}
 i - a scroll of immolation {unknown}
 j - 2 scrolls of remove curse {unknown}
Potions
 b - a potion of curing


   Skills:
 - Level 3.2 Fighting
 - Level 2.6 Dodging
 - Level 1.7 Stealth
 + Level 6.5 Unarmed Combat


You had 4 spell levels left.
You didn't know any spells.
Your spell library was empty.

Dungeon Overview and Level Annotations

Branches:
Dungeon (3/15)

Altars:
Vehumet

Annotations:
D:2 Sigmund


Innate Abilities, Weirdness & Mutations

Your plain brown scales are hard. (AC +5)
You cannot fit into any form of body armour.
You are cold-blooded and may be slowed by cold attacks.


Message History

The wight misses you.
It was a potion of attraction.
You feel attractive to monsters. The wight closely misses you.
It was a potion of flight.
You feel very buoyant.
You fly up into the air.
The wight hits you with a cursed +3 short sword of freezing.
* * * LOW HITPOINT WARNING * * *
You feel drained.
* * * LOW HITPOINT WARNING * * *
The wight freezes you.
* * * LOW HITPOINT WARNING * * *
You barely miss the wight.
The wight is heavily damaged.
The wight closely misses you.
You hit the wight.
The wight is almost destroyed.
The wight hits you with a cursed +3 short sword of freezing.
You die...

#.# #.# ## #.# .. ..#
##.## ### ### #... ..#
#..# #.# #..# ##.##
#..# #.####...####.#
########..#
#..z@..!......#
.......)..#
######...#####
..†...###.# ##.##
.####.# .# #..##### .#
#.# .# #......# .#
#.###.########..###.#
.# #.#.#.........#...#
# .#
#..#.#########..#.#.#
.#
##.###.########......#


You could see a wight.

Vanquished Creatures
  A scorpion (D:2)
  A wight (D:3)
  Terence (D:2)
  Robin (D:2)
  3 adders
  An ooze (D:2)
  A worm (D:2)
  4 leopard geckos
  An orc (D:3)
  A giant cockroach (D:1)
  16 hobgoblins
  2 quokkas (D:3)
  4 bats
  5 frilled lizards
  14 goblins
  7 kobolds
  3 rats (D:3)
66 creatures vanquished.

Notes
Turn   | Place    | Note
-------+----------+-------------------------------------------
     0 | D:1      | pkoi the Draconian Monk began the quest for the Orb.
     0 | D:1      | Reached XP level 1. HP: 19/19 MP: 1/1
   501 | D:1      | Reached XP level 2. HP: 26/26 MP: 2/2
   926 | D:1      | Reached skill level 4 in Unarmed Combat
  1266 | D:2      | Noticed Terence
  1267 | D:2      | Reached XP level 3. HP: 30/31 MP: 3/3
  1372 | D:2      | Killed Terence
  1465 | D:2      | Reached XP level 4. HP: 38/38 MP: 4/4
  1516 | D:2      | Reached skill level 5 in Unarmed Combat
  1529 | D:2      | Noticed Robin
  1546 | D:2      | Killed Robin
  1990 | D:2      | Reached XP level 5. HP: 15/45 MP: 5/5
  2430 | D:2      | Reached skill level 6 in Unarmed Combat
  2515 | D:2      | Found a radiant altar of Vehumet.
  2515 | D:2      | Noticed Sigmund
  2987 | D:3      | HP: 1/40 [wight/cursed +3 short sword of freezing (2)]
  2992 | D:3      | Slain by a wight

Illustrated notes

Levels and vault maps discovered:
D:1:      co_arrival_random_square_maze, layout_loops_corners, minivault_4,
          solitary_fountain, minmay_misc_feat_x, hangedman_decor_push
D:2:      layout_rooms, fiery_altar_vehumet, serial_bayou_ford_a,
          minmay_misc_feat_room, serial_bayou_pond_d, uniq_sigmund,
          uniq_terence, uniq_robin
D:3:      layout_loops_ring

Skill      XL: |  1  2  3  4  5 |
---------------+----------------+-----
Unarmed Combat | 4 5 6 |  6.5
Fighting       | |  3.2
Dodging        | |  2.6
Stealth        | |  1.7

Action                   |  1- 3 |  4- 6 || total
-------------------------+-------+-------++-------
Melee: Unarmed           |   105 |   151 ||   256
       Tailslap          |    12 |    11 ||    23
       Punch             |     1 |       ||     1
  Use: Potion            |       |     3 ||     3
 Stab: Sleeping          |     4 |     1 ||     5
Armor: Skin              |    16 |    37 ||    53
Dodge: Dodged            |    57 |    80 ||   137

Table legend: (Time is in decaauts)
 A = Elapsed time spent in this place.
 B = Non-inter-level travel time spent in this place.
 C = Inter-level travel time spent in this place.
 D = Time resting spent in this place.
 E = Time spent auto-exploring this place.
 F = Levels seen in this place.
 G = Mean time per level.
                   A        B        C        D        E       F      G
               +--------+--------+--------+--------+--------+-----+--------+
         Total |   2983 |   2929 |     54 |    711 |   1670 |   3 |  994.3 |
       Dungeon |   2983 |   2929 |     54 |    711 |   1670 |   3 |  994.3 |
               +--------+--------+--------+--------+--------+-----+--------+

Top non-repeatable levels by time:
     D:2: 1382 daAuts
     D:1: 1161 daAuts
     D:3: 439 daAuts
